Map: Newkirk Precinct TE (Void)

Players

Svagu

  • Race: Terran Terran
  • League: Diamond
  • Spawn Location: 7:00

Musumeci - Winner!

  • Race: Zerg Zerg
  • League: Diamond
  • Spawn Location: 5:00

VOD

Have the link to the VOD?

Description

Time

  • Played on: Jan. 25, 2017, 2:42 p.m.
  • Length: 22:26
Show
View Real Time Build Order
Export as new Build Order

Svagu Terran 

Build Orders: Reaper Expand, MMM Bio 

Get SALT Encoding   

  12  0:03  SCV  
  13  0:15  SCV  
  13  0:18  Supply Depot  
  14  0:27  SCV  
  15  0:41  SCV, Barracks  
  16  0:46  Refinery  
  16  0:53  SCV  
  17  1:05  SCV  
  18  1:17  SCV  
  19  1:29  Reaper  
  19  1:30  Orbital Command  
  20  1:45  Command Center  
  20  1:55  SCV  
  20  2:00  Barracks  
  21  2:04  Barracks Reactor  
  21  2:08  SCV  
  22  2:13  Supply Depot  
  22  2:20  SCV  
  23  2:42  Marine x2  
  23  2:44  Factory  
  25  2:47  SCV  
  25  2:48  Barracks Tech Lab  
  26  2:52  Refinery  
  25  2:59  SCV  
  25  3:03  Marine x2  
  28  3:06  Orbital Command  
  28  3:11  SCV  
  29  3:13  Stimpack  
  29  3:17  Marine  
  30  3:21  Marine  
  30  3:23  SCV  
  32  3:32  Starport  
  32  3:33  Marine  
  33  3:35  SCV, Marine  
  33  3:36  SCV  
  33  3:40  Factory Reactor  
  36  3:47  SCV  
  37  3:48  Marine, Supply Depot  
  37  3:49  SCV  
  37  3:52  Marine  
  37  3:54  Marine  
  41  4:00  SCV  
  41  4:02  SCV  
  43  4:06  Marine  
  44  4:10  Marine  
  44  4:15  Supply Depot  
  45  4:19  SCV  
  45  4:21  Medivac  
  45  4:22  Medivac  
  50  4:25  SCV  
  50  4:27  Factory Tech Lab  
  51  4:31  SCV  
  51  4:35  Refinery  
  51  4:37  SCV  
  53  4:42  Supply Depot  
  53  4:43  SCV  
  54  4:46  Barracks, Marine x3  
  54  4:47  Barracks  
  54  4:49  SCV  
  58  4:55  SCV  
  59  5:01  SCV  
  59  5:03  Medivac x2  
  64  5:07  SCV  
  64  5:08  Supply Depot  
  64  5:13  SCV  
  66  5:18  Supply Depot  
  66  5:19  SCV  
  66  5:21  Engineering Bay  
  67  5:22  Engineering Bay  
  67  5:25  Marine x2  
  67  5:26  SCV  
  70  5:30  Combat Shields  
  70  5:36  Factory Reactor  
  70  5:37  Barracks Reactor  
  70  5:40  Barracks Reactor  
  67  5:51  SCV x2, Marine x2  
  67  5:52  Marauder  
  73  6:04  Command Center  
  73  6:06  Terran Infantry Weapons Level 1  
  73  6:08  Terran Infantry Armor Level 1  
  73  6:12  SCV x2, Marine x2  
  77  6:23  Marine x2  
  77  6:24  Marine  
  77  6:25  Marauder  
  79  6:31  Marine x2  
  79  6:32  Medivac x2  
  82  6:34  SCV x2  
  84  6:40  Refinery  
  84  6:44  Marine  
  84  6:45  Marine  
  86  6:49  Supply Depot  
  86  6:51  Marine x3, Siege Tank  
  86  6:53  Supply Depot  
  92  6:57  Marine  
  92  6:58  Marine  
  94  7:03  Marine  
  94  7:04  Marine  
  93  7:09  Concussive Shells, Marine  
  93  7:11  Marine x2  
  93  7:12  Medivac x2  
  93  7:15  Supply Depot  
  100  7:16  Supply Depot  
  100  7:23  Armory  
  100  7:25  Marine  
  100  7:26  Marine x2  
  100  7:29  Marine  
  103  7:30  Marine  
  103  7:32  Orbital Command  
  105  7:37  Barracks  
  105  7:38  Barracks  
  105  7:41  Barracks  
  105  7:44  Marine x3  
  108  7:52  Orbital Command  
  108  7:58  Marine  
  108  8:03  Siege Tank  
  102  8:08  Marine  
  102  8:09  Marine  
  104  8:13  Terran Infantry Weapons Level 2, Terran Vehicle Weapons Level 1  
  104  8:17  SCV x2  
  106  8:20  SCV  
  106  8:24  Marine  
  106  8:25  Marauder, Barracks Tech Lab x2  
  110  8:28  Barracks Tech Lab  
  110  8:29  SCV x2  
  110  8:30  Marine  
  110  8:33  SCV, Marine  
  115  8:36  Supply Depot  
  115  8:40  Siege Tank  
  118  8:42  Marine  
  118  8:43  SCV  
  118  8:46  Marauder  
  118  8:47  Factory, Marine x2  
  124  8:53  SCV  
  124  8:54  Marauder x3  
  131  9:08  Marauder, Marine x2  
  135  9:12  Siege Tank  
  135  9:14  SCV  
  135  9:15  Marauder  
  135  9:16  Marauder  
  143  9:19  Command Center  
  143  9:22  Marauder  
  143  9:23  Marine  
  143  9:24  Marine  
  147  9:29  Marauder  
  149  9:33  Factory Tech Lab  
  149  9:43  Supply Depot  
  149  9:58  SCV  
  149  10:05  Marauder x2, Marine x4  
  157  10:29  Marine x3  
  157  10:30  Marauder x2, Marine, Medivac  
  157  10:31  Marauder x2, Marine, Siege Tank x2  
  153  10:37  Marine  
  154  10:47  Marine x3  
  154  10:48  Marine  
  156  10:51  Marauder x2, Marine  
  156  10:53  Marauder x2, Planetary Fortress  
  156  10:55  Marine  
  165  11:00  Refinery  
  165  11:01  Refinery  
  165  11:03  Siege Tank x2  
  169  11:05  Marine x2  
  169  11:06  Marine x2  
  169  11:09  Marine  
  169  11:12  Marine  
  169  11:13  Marauder x2  
  169  11:14  Marine  
  169  11:15  Marine  
  156  11:20  Medivac  
  156  11:23  Marine  
  142  11:26  Command Center  
  142  11:30  Marine x2  
  142  11:31  Marine x3  
  147  11:33  Marauder x2  
  147  11:34  Marauder x2  
  147  11:35  Siege Tank x2  
  155  11:40  Marine  
  156  11:48  Marine x2  
  156  11:49  Marine x3  
  156  11:53  Terran Infantry Weapons Level 3  
  161  11:54  Marauder x2  
  161  11:55  Marine  
  161  11:56  Marauder  
  161  11:58  Marine  
  168  12:07  Siege Tank  
  168  12:08  Marine  
  172  12:22  Marauder x2  
  172  12:29  Marauder  
  172  12:36  Marine  
  172  12:37  Marauder, Marine  
  172  12:38  Medivac x2  
  172  12:43  Marauder  
  172  12:44  Marauder  
  127  12:48  Siege Tank  
  127  12:49  Marine x3  
  127  12:50  Marauder, Siege Tank  
  117  12:53  Refinery  
  117  12:55  Refinery  
  117  12:59  Marauder, Barracks  
  117  13:00  Barracks x2  
  117  13:01  Barracks  
  117  13:04  Marine x3, Command Center  
  117  13:05  Marauder x2  
  126  13:07  Terran Infantry Armor Level 2, Marine x3  
  126  13:11  Marauder  
  131  13:19  Marine  
  131  13:22  Marine x3  
  131  13:24  Marine  
  131  13:25  Marine x2  
  131  13:26  Marauder  
  131  13:27  Marauder  
  142  13:28  Starport  
  142  13:33  Marauder  
  144  13:37  Marine  
  144  13:40  Marine x3  
  142  13:42  Marine x2  
  142  13:47  Marauder  
  142  13:48  Marauder  
  142  13:49  Marine, Siege Tank x2  
  142  13:53  Barracks Reactor  
  142  13:54  Barracks Reactor, Marauder, Barracks Tech Lab  
  152  13:56  Marauder  
  152  13:57  Marine  
  152  13:58  Marine x2  
  152  14:00  Marine  
  147  14:03  Marine  
  135  14:12  Marauder, Marine  
  135  14:15  Marauder x2, Marine  
  114  14:17  Marauder  
  114  14:20  Widow Mine  
  114  14:22  Marine  
  100  14:28  Marine x2  
  100  14:29  Marine  
  84  14:42  Marauder, Marine  
  80  14:47  Marauder, Marine x4  
  80  14:51  Marauder  
  87  14:59  Marauder, Marine  
  88  15:00  Marauder  
  84  15:10  Marauder x2, Marine x2  
  88  15:16  Marine x2  
  88  15:17  Marine x2  
  92  15:23  Orbital Command  
  91  15:34  Marine x3  
  90  15:36  Marine  
  90  15:37  Marine  
  90  15:41  Marauder, Marine x2  
  89  15:53  Marauder x2  
  89  15:59  Marauder, Marine  
  89  16:00  Marauder  
  93  16:05  Marine  
  93  16:07  Marine x4  
  97  16:22  Missile Turret  
  92  16:32  Command Center  
  92  16:38  Marine  
  92  16:39  Marine x3  
  95  16:49  Marine  
  95  16:50  Marine  
  95  16:52  Marine  
  98  16:55  SCV x2, Marine  
  98  16:56  Marine  
  102  17:03  Marine x2  
  102  17:07  Marine  
  102  17:08  Marine x3  
  107  17:21  Missile Turret  
  105  17:24  Marine  
  105  17:25  Marine x3  
  105  17:27  Marauder  
  105  17:28  Marauder, Siege Tank x2  
  112  17:31  Marine x2  
  113  17:45  Marauder, Marine x2  
  113  17:46  Marauder, Marine  
  96  18:02  Marine  
  90  18:06  Marine x2  
  90  18:07  Siege Tank x2  
  90  18:12  Marine x2  
  99  18:24  Marine  
  99  18:25  Marine  
  100  18:28  Marine  
  77  18:50  Orbital Command  
  77  18:58  Medivac x2  
  77  19:00  Marine x4, Siege Tank x2  
  77  19:01  Marine  
  68  19:30  Marine x5  
  49  19:44  Marine  
  49  19:45  Marine x2  
  52  19:51  Marine x2  
  53  19:54  Orbital Command  
  49  20:04  Marine  
  33  20:22  Marine x2  
  30  20:30  Marine x2  
  30  20:35  Marine  
  31  20:36  Command Center  
  30  20:44  SCV  
  23  21:07  SCV  
  24  21:15  SCV  
  25  21:22  SCV  
  25  21:25  Marine  
  27  21:44  SCV x2  
  27  21:46  Marine  
  30  21:55  Marauder  
Show
View Real Time Build Order
Export as new Build Order

Musumeci Zerg - Winner!

Build Orders: Hatch First 

Get SALT Encoding   

  12  0:06  Drone  
  13  0:08  Drone  
  14  0:17  Overlord  
  14  0:23  Extractor  
  14  0:26  Drone  
  15  0:36  Drone  
  16  0:52  Hatchery  
  15  0:58  Drone  
  15  1:02  Drone  
  17  1:15  Spawning Pool  
  16  1:24  Drone  
  17  1:26  Drone  
  17  1:27  Drone  
  19  1:37  Drone  
  20  1:50  Drone  
  21  1:58  Drone  
  22  2:04  Queen x2  
  22  2:05  Drone  
  27  2:09  Overlord  
  27  2:14  Drone  
  28  2:29  Drone  
  29  2:31  Drone  
  30  2:37  Drone x2  
  30  2:40  Queen x2  
  36  3:08  Overlord  
  36  3:17  Hatchery, Drone  
  36  3:26  Drone x8  
  44  3:29  Extractor  
  44  3:31  Drone, Extractor  
  44  3:32  Roach Warren  
  42  3:34  Overlord  
  42  3:37  Overlord  
  42  4:07  Evolution Chamber  
  41  4:14  Evolution Chamber  
  40  4:20  Evolution Chamber  
  40  4:22  Evolution Chamber  
  40  4:27  Drone x12, Extractor  
  40  4:28  Drone x2  
  40  4:31  Lair  
  53  4:33  Roach  
  55  4:48  Spore Crawler  
  55  4:49  Spore Crawler  
  55  4:50  Drone x4, Spore Crawler  
  55  4:52  Drone, Extractor, Spore Crawler  
  56  4:54  Roach  
  57  5:11  Roach x4  
  65  5:28  Zerg Ground Armor Level 1, Zerg Missile Weapons Level 1  
  65  5:29  Drone  
  65  5:30  Glial Reconstitution  
  66  5:38  Overlord x5  
  62  5:56  Roach x5  
  72  6:00  Ravager  
  72  6:01  Ravager  
  75  6:18  Roach  
  75  6:19  Roach x2  
  75  6:21  Queen  
  79  6:33  Drone x5  
  79  6:37  Extractor x2  
  82  6:43  Drone x6  
  82  6:44  Drone x4  
  92  6:48  Drone  
  92  6:49  Drone  
  94  7:03  Roach x6  
  104  7:15  Ravager x2  
  106  7:17  Overlord x3  
  106  7:18  Overlord  
  106  7:19  Overlord  
  106  7:22  Hatchery  
  105  7:48  Drone x4  
  109  7:55  Spore Crawler  
  109  7:58  Spore Crawler  
  107  8:00  Roach  
  107  8:01  Roach x11, Extractor  
  107  8:04  Extractor  
  129  8:07  Overlord  
  129  8:17  Ravager  
  129  8:18  Ravager x8  
  138  8:25  Overlord x4  
  138  8:29  Drone x7  
  138  8:30  Drone  
  146  8:40  Overlord x3  
  146  8:42  Drone x2  
  146  8:45  Drone  
  146  8:46  Drone x3  
  152  9:02  Roach x3  
  162  9:03  Roach x7  
  165  9:13  Spine Crawler  
  165  9:14  Spine Crawler  
  165  9:16  Spore Crawler  
  162  9:19  Spore Crawler  
  162  9:23  Drone  
  162  9:24  Drone  
  163  9:26  Drone x5  
  163  9:27  Drone x4  
  163  9:30  Ravager x2  
  163  9:31  Ravager x7  
  179  9:36  Zerg Missile Weapons Level 2  
  181  9:44  Zerg Ground Armor Level 2  
  181  9:52  Infestation Pit  
  146  10:43  Spore Crawler  
  146  10:45  Spore Crawler  
  142  10:54  Drone x6, Spore Crawler  
  142  10:55  Spore Crawler  
  142  10:56  Spore Crawler  
  145  10:59  Spore Crawler  
  145  11:03  Spore Crawler  
  143  11:31  Ravager x10  
  143  11:32  Roach x8  
  169  11:38  Roach  
  169  11:39  Roach x18  
  200  11:49  Extractor  
  199  12:02  Burrow  
  199  12:03  Tunneling Claws  
  199  12:07  Hive  
  197  12:16  Queen  
  183  12:39  Roach x12  
  183  12:40  Roach x4  
  183  12:41  Ravager x5  
  183  12:42  Ravager x9  
  187  12:59  Hatchery  
  186  13:15  Ravager x7  
  186  13:19  Hatchery  
  192  13:20  Extractor  
  192  13:21  Extractor  
  192  13:24  Hatchery  
  189  13:30  Overlord x2  
  189  13:34  Roach x2  
  189  13:35  Roach x3  
  189  13:37  Roach x3  
  151  14:13  Roach x17  
  151  14:14  Roach x6  
  140  14:38  Roach x8  
  144  14:51  Drone x3  
  139  14:59  Hatchery  
  135  15:00  Roach  
  124  15:15  Roach x7  
  124  15:17  Ravager x2  
  124  15:18  Ravager x5  
  143  15:25  Roach  
  143  15:29  Roach x7  
  137  15:54  Roach  
  131  15:58  Roach x4  
  131  15:59  Roach x9  
  131  16:06  Drone  
  124  16:28  Roach  
  124  16:36  Roach x11  
  124  16:37  Roach x3, Ravager  
  124  16:38  Ravager x15  
  166  16:46  Extractor  
  165  16:48  Roach  
  165  16:50  Extractor  
  165  16:52  Hatchery  
  161  16:55  Drone x3  
  161  16:57  Drone x2  
  166  17:12  Roach x10  
  184  17:33  Roach x10  
  184  17:35  Ravager x2  
  200  17:43  Zerg Missile Weapons Level 3  
  166  18:12  Hatchery  
  161  18:27  Hatchery  
  154  18:38  Drone x5  
  145  18:59  Roach x2  
  145  19:01  Roach x3  
  155  19:04  Extractor  
  154  19:18  Zerg Ground Armor Level 3  
  132  19:25  Roach x2  
  125  19:49  Roach x8  
  125  20:05  Hatchery  
  125  20:06  Roach x3  
  120  20:14  Roach  
  120  20:15  Roach  
  120  20:21  Drone x4  
  102  21:08  Roach x6  
  114  21:28  Roach x19  
  114  21:29  Roach x6  
  164  21:54  Roach  
  164  21:55  Roach x2  
  164  22:00  Roach x8  
  180  22:03  Roach  
  180  22:04  Roach x4  
Tags
 
Add a new tag
Caveats
  • Supply blocks, unpowered buildings, or Contaminate may cause inaccurate times.
  • Supply counts are checked every 10 seconds.